[Event "Titled Tuesday Blitz January 31 Early 2023"]
[White "Skuhala, Barbara"]
[Black "Jovic, Stanoje"]
[WhiteFideId "14605465"]
[BlackFideId "905020"]
[WhiteElo "2153"]
[BlackElo "2075"]
[Result "1-0"]
[Round "04"]
[TimeControl "180+2"]
[Date "2023.01.31"]
[WhiteClock "0:00:42"]
[BlackClock "0:00:02"]

1. e4 c6 2. d4 d5 3. f3 e6 4. Nc3 Bb4 5. a3 Ba5 6. Ne2 Nf6 7. e5 Nfd7 8. f4 b5 9. Be3 Bb6 10. Qd2 a5 11. g3 Na6 12. Bg2 f5 13. exf6 Nxf6 14. O-O O-O 15. Bf2 Bd7 16. h3 c5 17. dxc5 Nxc5 18. Nd4 b4 19. axb4 axb4 20. Nce2 Rxa1 21. Rxa1 Nce4 22. Qxb4 Nxf2 23. Kxf2 e5 24. fxe5 Ng4+ 25. Kg1 Ne3 26. Qb3 Nxg2 27. Qxd5+ Kh8 28. e6 Bxe6 29. Qxe6 Bxd4+ 30. Nxd4 Qxd4+ 31. Kxg2 Qf2+ 32. Kh1 Qxg3 33. Qf5 Re8 34. Rg1 Qe3 35. Qg4 g6 36. c3 Re4 37. Qc8+ Kg7 38. Rf1 Re8 39. Qd7+ Kh6 40. Qg4 Re7 41. Qf4+ Qxf4 42. Rxf4 Re2 43. b4 Re3 44. Rc4 Rxh3+ 45. Kg2 Rd3 46. b5 Rd2+ 47. Kf3 Rb2 48. Rb4 Rc2 49. c4 g5 50. b6 Rc3+ 51. Ke2 1-0


[Site "https://www.chess.com"]

[Event "Titled Tuesday Blitz January 31 Early 2023"]
[White "Nguyen Hong Nhung"]
[Black "Alahakoon, Isuru"]
[WhiteFideId "12412201"]
[BlackFideId "9900993"]
[WhiteElo "2003"]
[BlackElo "1819"]
[Result "0-1"]
[Round "04"]
[TimeControl "180+2"]
[Date "2023.01.31"]
[WhiteClock "0:00:02"]
[BlackClock "0:00:25"]

1. e4 d5 2. exd5 Qxd5 3. Nc3 Qa5 4. d4 Nf6 5. Nf3 Bg4 6. h3 Bh5 7. g4 Bg6 8. Bg2 Nc6 9. Bd2 O-O-O 10. Qe2 Rxd4 11. Nb5 Rb4 12. Bxb4 Qxb4+ 13. c3 Qf4 14. Nbd4 Nxd4 15. Nxd4 e5 16. Qf3 Qxf3 17. Nxf3 Bd6 18. O-O-O e4 19. Nd2 Bf4 20. b3 Rd8 21. Rhe1 Rd3 22. Re2 Rxc3+ 23. Kb2 Be5 24. Ka3 Rc2 25. Bf1 Bd6+ 26. b4 a5 27. Nb3 Bxb4+ 28. Ka4 Rc4 29. Rb2 Rc6 30. Nd4 Rd6 31. Rbb1 Nd7 32. Kb3 Nc5+ 33. Kc4 c6 34. Nf5 b5# 0-1


[Site "https://www.chess.com"]

[Event "Titled Tuesday Blitz January 31 Early 2023"]
[White "Kochetov, Andrey"]
[Black "Martin, Lewis"]
[WhiteFideId "24130532"]
[BlackFideId "410551"]
[WhiteElo "2165"]
[BlackElo "2135"]
[Result "1-0"]
[Round "04"]
[TimeControl "180+2"]
[Date "2023.01.31"]
[WhiteClock "0:00:06"]
[BlackClock "0:00:24"]

1. e4 c5 2. Nf3 d6 3. d4 cxd4 4. Nxd4 Nf6 5. f3 a6 6. c4 e5 7. Nc2 Be7 8. Nc3 O-O 9. Be3 b6 10. Be2 Bb7 11. O-O Nbd7 12. Qd2 Rc8 13. Rac1 Ne8 14. Rfd1 g6 15. f4 f5 16. exf5 gxf5 17. fxe5 Nxe5 18. b3 Rf7 19. Nd5 Bxd5 20. Qxd5 Nf6 21. Qe6 Nfg4 22. Bf4 Qc7 23. b4 Rf8 24. h3 Nf6 25. Ne3 Ng6 26. Bh2 f4 27. Nf5 Kh8 28. Nxd6 Bxd6 29. Qxd6 Qxd6 30. Rxd6 Ne4 31. Rxb6 Ne5 32. Re6 Rf5 33. Bg4 Rg5 34. Re1 Nxg4 35. R6xe4 Ne3 36. Bxf4 Rxg2+ 37. Kh1 Rxa2 38. Bxe3 Ra3 39. Rg1 h5 40. Bd4+ Kh7 41. Re7+ Kh6 42. Bg7+ Kh7 43. Bxf8+ 1-0


[Site "https://www.chess.com"]

[Event "Titled Tuesday Blitz January 31 Early 2023"]
[White "Zong, Davis"]
[Black "Lobachev, Yury"]
[WhiteFideId "30903955"]
[BlackFideId "24138177"]
[WhiteElo "2151"]
[BlackElo "2345"]
[Result "1-0"]
[Round "04"]
[TimeControl "180+2"]
[Date "2023.01.31"]
[WhiteClock "0:00:32"]
[BlackClock "0:00:24"]

1. e4 c5 2. c3 d5 3. exd5 Qxd5 4. d4 cxd4 5. cxd4 Nf6 6. Nc3 Qd8 7. Nf3 e6 8. Be2 Be7 9. O-O O-O 10. Be3 Nc6 11. Rc1 Nb4 12. Ne5 Nbd5 13. Bf3 Bd6 14. Bg5 h6 15. Bh4 g5 16. Bg3 Bxe5 17. dxe5 Nxc3 18. Rxc3 Nd5 19. Rd3 Qb6 20. Rb3 Qa5 21. Be4 Rb8 22. Bb1 Ne7 23. Qh5 Kg7 24. h4 gxh4 25. Bxh4 Ng6 26. Bf6+ Kh7 27. Qxh6+ Kxh6 28. Rh3+ Nh4 29. Rxh4# 1-0


[Site "https://www.chess.com"]

[Event "Titled Tuesday Blitz January 31 Early 2023"]
[White "Mione, Dario"]
[Black "Llanos, Guillermo"]
[WhiteFideId "806625"]
[BlackFideId "100358"]
[WhiteElo "2228"]
[BlackElo "2290"]
[Result "0-1"]
[Round "04"]
[TimeControl "180+2"]
[Date "2023.01.31"]
[WhiteClock "0:00:02"]
[BlackClock "0:00:14"]

1. e4 Nf6 2. Nc3 e5 3. Nf3 Nc6 4. Bc4 Nxe4 5. Nxe4 d5 6. Bd3 dxe4 7. Bxe4 Bd6 8. d4 exd4 9. Nxd4 Nxd4 10. Qxd4 O-O 11. Be3 Re8 12. O-O-O Bg4 13. f3 Be6 14. Kb1 Qe7 15. h4 Rad8 16. Qa4 Bc5 17. Bxc5 Qxc5 18. Rxd8 Rxd8 19. Bxb7 Qf2 20. g4 Qxh4 21. Rc1 h5 22. Qxa7 hxg4 23. fxg4 Qxg4 24. Bc6 Qf4 25. Qc5 Bg4 26. b3 g5 27. Re1 Kg7 28. Qe7 Rd6 0-1


[Site "https://www.chess.com"]

[Event "Titled Tuesday Blitz January 31 Early 2023"]
[White "Zampronha, Wladimir Camilo"]
[Black "Ronka, Erik"]
[WhiteFideId "2103087"]
[BlackFideId "505080"]
[WhiteElo "2176"]
[BlackElo "2276"]
[Result "0-1"]
[Round "04"]
[TimeControl "180+2"]
[Date "2023.01.31"]
[WhiteClock "0:01:37"]
[BlackClock "0:00:55"]

1. e4 c6 2. d4 d5 3. e5 c5 4. Nf3 cxd4 5. Nxd4 Nc6 6. c4 e6 7. Nc3 Bc5 8. Nxc6 bxc6 9. Be2 Ne7 10. O-O O-O 11. Kh1 Nf5 12. Bd3 Qh4 13. Bxf5 exf5 14. f4 Ba6 15. b3 dxc4 16. Rf3 Rfd8 17. Qf1 Rd3 18. bxc4 Rxf3 19. gxf3 Bxc4 20. Qxc4 Qe1+ 21. Kg2 Qf2+ 22. Kh3 Qxf3+ 23. Kh4 Be7# 0-1


[Site "https://www.chess.com"]

[Event "Titled Tuesday Blitz January 31 Early 2023"]
[White "Fajdetic, Hrvoje"]
[Black "Khandelwal, Ankush"]
[WhiteFideId "14501945"]
[BlackFideId "413470"]
[WhiteElo "2151"]
[BlackElo "2205"]
[Result "1/2-1/2"]
[Round "04"]
[TimeControl "180+2"]
[Date "2023.01.31"]
[WhiteClock "0:00:33"]
[BlackClock "0:00:12"]

1. d4 Nf6 2. Bf4 g6 3. Nc3 Bg7 4. e4 d6 5. Qd2 O-O 6. O-O-O c6 7. Bh6 b5 8. f3 b4 9. Nce2 Qa5 10. Kb1 Be6 11. Nc1 Nbd7 12. h4 Nb6 13. h5 Na4 14. Nb3 Bxb3 15. axb3 Nc3+ 16. bxc3 bxc3 17. Qc1 Rab8 18. Bxg7 Kxg7 19. hxg6 fxg6 20. Bc4 h5 21. Ne2 Rb4 22. e5 Rxc4 23. exf6+ exf6 24. Qe3 Rb8 25. Qe7+ Kh6 26. Qe3+ Kg7 27. Qe7+ Kh6 28. Qe3+ Kg7 1/2-1/2


[Site "https://www.chess.com"]

[Event "Titled Tuesday Blitz January 31 Early 2023"]
[White "Dos Santos, Emmanuel"]
[Black "Shohat, Yotam"]
[WhiteFideId "2103559"]
[BlackFideId "2813955"]
[WhiteElo "2261"]
[BlackElo "2346"]
[Result "1/2-1/2"]
[Round "04"]
[TimeControl "180+2"]
[Date "2023.01.31"]
[WhiteClock "0:00:17"]
[BlackClock "0:00:05"]

1. e4 c5 2. Nf3 d6 3. d4 cxd4 4. Qxd4 Nf6 5. e5 Nc6 6. Bb5 Qa5+ 7. Nc3 Qxb5 8. Nxb5 Nxd4 9. Nfxd4 dxe5 10. Nf3 Nd5 11. c4 Bd7 12. Nxe5 Bxb5 13. cxb5 f6 14. Nc4 e5 15. O-O Be7 16. Rd1 O-O-O 17. a4 Nb4 18. Be3 Nc2 19. Rac1 Rxd1+ 20. Rxd1 Nxe3 21. Nxe3 Rd8 22. Rc1+ Kd7 23. Kf1 Ke6 24. Ke2 Rd7 25. b3 f5 26. Rc8 g6 27. Nc4 e4 28. Ra8 Bc5 29. Rc8 Kd5 30. Ne3+ Kd4 31. Nc2+ Kd5 32. Ne3+ Bxe3 33. Kxe3 Ke5 34. g3 Rd3+ 35. Ke2 Rxb3 36. Rc7 Rb2+ 37. Ke3 Rb3+ 38. Ke2 a6 39. Rxb7 Rb2+ 40. Ke3 Rb3+ 41. Ke2 Rb2+ 42. Ke3 Rb3+ 43. Ke2 1/2-1/2


[Site "https://www.chess.com"]

[Event "Titled Tuesday Blitz January 31 Early 2023"]
[White "Ramirez Allo, Eduardo"]
[Black "Ardila, Oscar Humberto"]
[WhiteFideId "2224178"]
[BlackFideId "4404742"]
[WhiteElo "2274"]
[BlackElo "1982"]
[Result "1-0"]
[Round "04"]
[TimeControl "180+2"]
[Date "2023.01.31"]
[WhiteClock "0:01:25"]
[BlackClock "0:01:47"]

1. d4 Nf6 2. c4 g6 3. Nf3 Bg7 4. g3 O-O 5. Bg2 d6 6. O-O Nbd7 7. Nc3 c6 8. e4 Qc7 9. h3 e5 10. Be3 Re8 11. Qc2 Nf8 12. Rad1 Be6 13. b3 Rac8 14. Rfe1 a5 15. Kh2 Rcd8 16. a4 Bc8 17. d5 cxd5 18. Nxd5 Nxd5 19. Rxd5 Bd7 20. Red1 Bc6 21. R5d2 Ne6 22. h4 f6 23. Kg1 b6 24. Ne1 Nc5 25. Bxc5 dxc5 26. Qc3 Bh6 27. Rd3 Rd4 28. Nc2 Rdd8 29. Qe1 Qb7 30. h5 Kf8 31. Rxd8 Rxd8 32. Rxd8+ 1-0


[Site "https://www.chess.com"]

[Event "Titled Tuesday Blitz January 31 Early 2023"]
[White "Turzo, Attila"]
[Black "Kornyukov, Alexey"]
[WhiteFideId "704954"]
[BlackFideId "4150457"]
[WhiteElo "2279"]
[BlackElo "2452"]
[Result "1-0"]
[Round "04"]
[TimeControl "180+2"]
[Date "2023.01.31"]
[WhiteClock "0:00:08"]
[BlackClock "0:00:06"]

1. d4 d5 2. c4 e6 3. Nf3 Nf6 4. Nc3 Be7 5. Bf4 O-O 6. e3 c5 7. dxc5 Bxc5 8. a3 Nc6 9. Qc2 d4 10. Rd1 e5 11. Bg5 Qe7 12. Nd5 Qd6 13. Bxf6 gxf6 14. Bd3 dxe3 15. Bxh7+ Kh8 16. fxe3 Bg4 17. Nb6 Qe6 18. Nxa8 e4 19. Bxe4 f5 20. Bd5 Qxe3+ 21. Qe2 Qf4 22. b4 Nd4 23. Qe5+ Qxe5+ 24. Nxe5 Bxd1 25. Kxd1 Bxb4 26. axb4 Rxa8 27. Nxf7+ Kg7 28. Re1 a5 29. bxa5 Rxa5 30. Re7 Ra1+ 31. Kd2 Nb3+ 32. Kc3 Nc5 33. Nd6+ Kf8 34. Rc7 Na4+ 35. Kb4 Nb2 36. Rf7+ Kg8 37. Rxb7+ Kh8 38. c5 Nd3+ 39. Kc4 Ne5+ 40. Kd4 Ng4 41. h3 Rd1+ 42. Kc3 Ne3 43. Bf3 Rc1+ 44. Kd4 Nc2+ 45. Ke5 Ne3 46. c6 Rc5+ 47. Kf6 1-0


[Site "https://www.chess.com"]

[Event "Titled Tuesday Blitz January 31 Early 2023"]
[White "SicilianPanzer"]
[Black "Toczek, Grzegorz"]
[BlackFideId "1106457"]
[WhiteElo "2195"]
[BlackElo "2260"]
[Result "1/2-1/2"]
[Round "04"]
[TimeControl "180+2"]
[Date "2023.01.31"]
[WhiteClock "0:00:03"]
[BlackClock "0:00:57"]

1. e4 c6 2. d4 d5 3. Nd2 dxe4 4. Nxe4 Nf6 5. Nxf6+ exf6 6. c3 Bd6 7. Bd3 O-O 8. Qc2 Re8+ 9. Ne2 h5 10. O-O Nd7 11. Bf4 Rxe2 12. Qxe2 Bxf4 13. Qe4 Bxh2+ 14. Kxh2 g6 15. Rfe1 Nf8 16. Qe7 Be6 17. Qxd8 Rxd8 18. Bc2 Kg7 19. Bb3 b5 20. Rac1 a6 21. c4 Rxd4 22. cxb5 cxb5 23. Re2 Bxb3 24. axb3 Rb4 25. Ra1 Rxb3 26. Rxa6 Ne6 27. Ra7 Kg8 28. Ra8+ Kg7 29. Ra7 Kg8 30. g3 f5 31. Rc2 f4 32. gxf4 Rf3 33. Rc8+ Kg7 34. Kg2 Rxf4 35. Rb7 Rb4 36. Rc6 Kf6 37. Kf1 Rxb2 38. Rcb6 h4 39. Rxb5 Rxb5 40. Rxb5 g5 41. Kg2 Kg6 42. Rb6 Kf5 43. Kf3 Nf4 44. Rb5+ Kg6 45. Kg4 f6 46. Ra5 Nd3 47. Kf3 Ne5+ 48. Ke4 Ng4 49. Kf3 Ne5+ 50. Ke4 Ng4 51. Kf3 Ne5+ 1/2-1/2


[Site "https://www.chess.com"]

[Event "Titled Tuesday Blitz January 31 Early 2023"]
[White "Torres Dominguez, David"]
[Black "Zacurdajev, Dmitry"]
[WhiteFideId "2220857"]
[BlackFideId "4196309"]
[WhiteElo "1994"]
[BlackElo "2273"]
[Result "0-1"]
[Round "04"]
[TimeControl "180+2"]
[Date "2023.01.31"]
[WhiteClock "0:00:04"]
[BlackClock "0:00:10"]

1. e4 c6 2. Nf3 d5 3. d3 Qc7 4. Be2 e5 5. O-O Nf6 6. Nbd2 Be7 7. Re1 O-O 8. Bf1 Nbd7 9. exd5 cxd5 10. c4 Bc5 11. cxd5 Nxd5 12. Nc4 f6 13. Ne3 N7b6 14. d4 Bb4 15. Nxd5 Nxd5 16. Qb3 Be6 17. Re4 Qb6 18. Bc4 Rad8 19. dxe5 f5 20. Be3 Bc5 21. Bxc5 Qxb3 22. Bxb3 fxe4 23. Ng5 Rfe8 24. Nxe6 Rxe6 25. Bd6 Nf4 26. Re1 Kf7 27. Bxe6+ Kxe6 28. Rxe4 Nd3 29. Re2 Rc8 30. h3 Rc1+ 31. Kh2 Rb1 32. b3 Nf4 33. Rc2 Nd5 34. g3 h5 35. Kg2 g5 36. Rc8 Rb2 37. Re8+ Kd7 38. Rh8 h4 39. gxh4 gxh4 40. Rxh4 Rxa2 41. Rh7+ Kc6 42. Rf7 Ne3+ 43. Kf3 Nd1 44. Kg3 Rb2 45. h4 Rxb3+ 46. f3 Ne3 47. Rc7+ Kd5 48. h5 Nf5+ 49. Kg4 Nxd6 50. exd6 Kxd6 51. Rf7 Rb1 52. Rf4 Ke6 53. Kg5 Rg1+ 54. Rg4 Rh1 55. h6 Kf7 56. Rh4 Rg1+ 57. Kf4 Kg8 58. h7+ Kh8 59. Ke4 Rg7 60. Kd5 Rxh7 61. Rxh7+ Kxh7 62. Kc5 Kg6 63. Kd6 Kf5 64. Kc7 a5 65. Kb6 a4 66. Kxb7 a3 0-1


[Site "https://www.chess.com"]

[Event "Titled Tuesday Blitz January 31 Early 2023"]
[White "Khamdamova, Afruza"]
[Black "Marin Ramirez, Gerardo"]
[WhiteFideId "14210444"]
[BlackFideId "3901068"]
[WhiteElo "2162"]
[BlackElo "2127"]
[Result "1-0"]
[Round "04"]
[TimeControl "180+2"]
[Date "2023.01.31"]
[WhiteClock "0:02:20"]
[BlackClock "0:00:02"]

1. e4 c5 2. Nf3 d6 3. d4 cxd4 4. Nxd4 Nf6 5. Nc3 a6 6. Bg5 e6 7. f4 h6 8. Bh4 Qb6 9. Qd2 Qxb2 10. Rb1 Qa3 11. f5 Be7 12. fxe6 fxe6 13. Bc4 Nc6 14. Nxe6 Bxe6 15. Bxe6 Nxe4 16. Nxe4 Bxh4+ 17. g3 Be7 18. O-O Qa5 19. Qf2 1-0


[Site "https://www.chess.com"]

[Event "Titled Tuesday Blitz January 31 Early 2023"]
[White "Bambino Filho, Antonio Carlos"]
[Black "Cramling Bellon, Anna"]
[WhiteFideId "2113163"]
[BlackFideId "32009232"]
[WhiteElo "2144"]
[BlackElo "2043"]
[Result "1-0"]
[Round "04"]
[TimeControl "180+2"]
[Date "2023.01.31"]
[WhiteClock "0:00:14"]
[BlackClock "0:00:01"]

1. d4 Nf6 2. c4 e6 3. Nc3 d5 4. cxd5 exd5 5. Bg5 c6 6. Qc2 Be7 7. e3 h6 8. Bh4 Be6 9. Bd3 Nbd7 10. Nge2 O-O 11. O-O Rc8 12. f3 c5 13. Bf2 c4 14. Bf5 Bxf5 15. Qxf5 g6 16. Qc2 a6 17. e4 b5 18. e5 Nh5 19. Nxd5 Ng7 20. Nxe7+ Qxe7 21. Ng3 Nb6 22. Qe4 Rfd8 23. Be3 h5 24. h4 Ne6 25. Rad1 Nd5 26. Bc1 c3 27. b3 b4 28. Qe1 Qxh4 29. Ne4 Qxe1 30. Rfxe1 Ndf4 31. Nd6 Rc7 32. Re4 c2 33. Rd2 g5 34. Nc4 Rcd7 35. Nd6 Rc7 36. g3 Ng6 37. d5 Nc5 38. Ree2 Nd7 39. Nc4 1-0


[Site "https://www.chess.com"]

[Event "Titled Tuesday Blitz January 31 Early 2023"]
[White "Ivanova, Karina"]
[Black "Bruned, Yvain"]
[WhiteFideId "24139750"]
[BlackFideId "2250292"]
[WhiteElo "2085"]
[BlackElo "2286"]
[Result "1/2-1/2"]
[Round "04"]
[TimeControl "180+2"]
[Date "2023.01.31"]
[WhiteClock "0:00:52"]
[BlackClock "0:00:28"]

1. g3 b6 2. Bg2 d5 3. d4 Bb7 4. Nf3 e6 5. O-O Nf6 6. Nbd2 Be7 7. c4 O-O 8. b3 c5 9. Bb2 Nbd7 10. Rc1 Rc8 11. e3 Rc7 12. cxd5 Nxd5 13. Qe2 Qa8 14. dxc5 Rxc5 15. Rxc5 Nxc5 16. Rc1 Bf6 17. Bxf6 Nxf6 18. Ne1 Bxg2 19. Nxg2 Qd5 20. Nf4 Qb7 21. Qf3 Qxf3 22. Nxf3 a5 23. Ne5 g5 24. Nfd3 Ncd7 25. Rc7 Nxe5 26. Nxe5 Nd5 27. Rb7 f6 28. Nd7 Rf7 29. Rb8+ Kg7 30. Nxb6 Nc3 31. Nc4 a4 32. bxa4 Nxa4 33. Nd6 Rd7 34. Rb7 Rxb7 35. Nxb7 Kf7 36. Kf1 e5 37. e4 Nc3 38. Nd6+ Ke6 39. Nc4 Nxa2 40. Ke2 Nc3+ 41. Kd3 Nb5 42. f3 h5 43. h4 gxh4 44. gxh4 Nd6 45. Nxd6 Kxd6 46. Kc4 Kc6 47. Kb4 Kb6 48. Kc4 Kc6 49. Kb4 Kb6 50. Kc4 Kc6 1/2-1/2


[Site "https://www.chess.com"]

[Event "Titled Tuesday Blitz January 31 Early 2023"]
[White "Michalski, Olaf"]
[Black "Donskov, Anatoly"]
[WhiteFideId "1106740"]
[BlackFideId "24143413"]
[WhiteElo "2273"]
[BlackElo "2279"]
[Result "0-1"]
[Round "04"]
[TimeControl "180+2"]
[Date "2023.01.31"]
[WhiteClock "0:00:18"]
[BlackClock "0:01:07"]

1. d4 d5 2. c4 dxc4 3. Nf3 Nf6 4. e3 e6 5. Bxc4 c5 6. O-O a6 7. a4 cxd4 8. exd4 Be7 9. Nc3 O-O 10. Bg5 Nc6 11. Re1 Na5 12. Bd3 Nc6 13. a5 Nb4 14. Bc4 Qc7 15. Qb3 Nc2 16. Bxe6 Nxa1 17. Bxf7+ Rxf7 18. Rxa1 Qd6 19. Ne5 Be6 20. Qxb7 Rb8 21. Qa7 Rff8 22. Ne4 Qd5 23. Qxe7 Nxe4 0-1


[Site "https://www.chess.com"]

[Event "Titled Tuesday Blitz January 31 Early 2023"]
[White "Winkels, Marcel"]
[Black "Matt, Fabian"]
[WhiteFideId "1003887"]
[BlackFideId "1623303"]
[WhiteElo "1960"]
[BlackElo "2308"]
[Result "0-1"]
[Round "04"]
[TimeControl "180+2"]
[Date "2023.01.31"]
[WhiteClock "0:00:50"]
[BlackClock "0:00:34"]

1. d4 d5 2. Bg5 h6 3. Bh4 c5 4. Nf3 Qb6 5. b3 cxd4 6. Qxd4 Nc6 7. Qxb6 axb6 8. e3 e5 9. Bb5 f6 10. c4 Bb4+ 11. Ke2 Ne7 12. cxd5 Nxd5 13. Rd1 Be6 14. e4 Nc3+ 15. Nxc3 Bxc3 16. Rac1 Rxa2+ 17. Kf1 Ba5 18. Bxc6+ bxc6 19. Rxc6 Kf7 20. Rc7+ Kg6 21. Bg3 Rc8 22. Nh4+ Kh7 23. Nf5 Rxc7 0-1


[Site "https://www.chess.com"]

[Event "Titled Tuesday Blitz January 31 Early 2023"]
[White "Tuleyeva-Aketayeva, Dana"]
[Black "Bouget, Alexandre"]
[WhiteFideId "13701932"]
[BlackFideId "681318"]
[WhiteElo "2130"]
[BlackElo "2267"]
[Result "0-1"]
[Round "04"]
[TimeControl "180+2"]
[Date "2023.01.31"]
[WhiteClock "0:00:11"]
[BlackClock "0:00:39"]

1. d4 c6 2. Nf3 d5 3. g3 Nd7 4. Bg2 g6 5. O-O Bg7 6. c4 dxc4 7. Na3 Ngf6 8. Nxc4 O-O 9. Re1 Nb6 10. b3 Be6 11. Nfe5 Qc8 12. Ba3 Re8 13. Bc5 Nxc4 14. bxc4 Nd7 15. Nxd7 Qxd7 16. Rc1 b6 17. Ba3 Bxd4 18. e3 Bg7 19. Qxd7 Bxd7 20. Red1 Rad8 21. c5 b5 22. Bb4 Bb2 23. Rb1 Bf5 24. Rxd8 Rxd8 25. e4 Be6 26. Rxb2 Rd1+ 27. Bf1 Bh3 28. Rd2 Rxf1# 0-1


[Site "https://www.chess.com"]

[Event "Titled Tuesday Blitz January 31 Early 2023"]
[White "Valle Maytin, Luis Enrique"]
[Black "Mangialardo, Tiago Carvalho"]
[WhiteFideId "3503666"]
[BlackFideId "2130718"]
[WhiteElo "2241"]
[BlackElo "1965"]
[Result "0-1"]
[Round "04"]
[TimeControl "180+2"]
[Date "2023.01.31"]
[WhiteClock "0:00:07"]
[BlackClock "0:00:03"]

1. e4 e5 2. Nf3 Nc6 3. Bb5 a6 4. Ba4 Nf6 5. O-O Be7 6. Re1 d6 7. c3 O-O 8. d4 exd4 9. cxd4 b5 10. Bb3 Na5 11. Bc2 Bb7 12. Nbd2 Re8 13. Nf1 c5 14. d5 Nc4 15. b3 Ne5 16. Nxe5 dxe5 17. f4 Bd6 18. Qf3 Rc8 19. Ng3 c4 20. Nf5 Bc5+ 21. Kh1 Bd4 22. Rb1 c3 23. Ba3 Bc5 24. Bxc5 Rxc5 25. fxe5 Rxe5 26. Qg3 Rxf5 27. exf5 Rxd5 28. Be4 Nxe4 29. Rxe4 Rd2 30. f6 g6 31. Qxc3 Bxe4 32. Re1 Bxg2+ 33. Kg1 Qb6+ 34. Re3 Qd8 35. Qe5 Bc6 36. Qg5 Qf8 37. Qf4 Rd6 38. Re7 Re6 39. Rxe6 fxe6 40. Qc7 Bd5 41. Qe5 Qf7 42. Kf2 h5 43. Qb8+ Kh7 44. Qe5 g5 45. Qxg5 Qg6 46. Qe5 Qf7 47. Qg5 Qg6 48. Qe5 Qf5+ 49. Qxf5+ exf5 50. Ke3 Kg6 51. Kd4 Bg2 52. Ke5 h4 53. b4 h3 54. a4 bxa4 55. Kd4 a3 56. f7 Kxf7 57. Kc3 a2 58. Kb2 Bd5 59. Ka1 f4 60. Kb2 f3 61. b5 axb5 62. Ka1 f2 63. Kb2 f1=Q 64. Ka3 a1=Q+ 65. Kb4 Qc4# 0-1


[Site "https://www.chess.com"]

[Event "Titled Tuesday Blitz January 31 Early 2023"]
[White "Adithya A Chullikkad"]
[Black "Tymrakiewicz, Rafal"]
[WhiteFideId "45078734"]
[BlackFideId "1108832"]
[WhiteElo "2259"]
[BlackElo "2144"]
[Result "0-1"]
[Round "04"]
[TimeControl "180+2"]
[Date "2023.01.31"]
[WhiteClock "0:00:08"]
[BlackClock "0:00:08"]

1. d4 d5 2. c4 Bf5 3. Nc3 e6 4. Bf4 c6 5. e3 Nf6 6. Nf3 Bd6 7. Bd3 Bxf4 8. exf4 Bxd3 9. Qxd3 dxc4 10. Qxc4 Nbd7 11. O-O O-O 12. Rad1 Qa5 13. Ne5 Nb6 14. Qc5 Qxc5 15. dxc5 Nbd5 16. Nxd5 exd5 17. f3 Rad8 18. Rd4 Rfe8 19. Re1 Nd7 20. Kf2 Nxc5 21. Rc1 Ne6 22. Rb4 Nxf4 23. g3 Rxe5 24. gxf4 Re7 25. f5 f6 26. h4 h5 27. a4 d4 28. Rd1 d3 29. Re4 Kf7 30. Ke3 Red7 31. Kd2 Rd5 32. Rde1 R8d7 33. Rf4 Rc5 34. b4 Rc2+ 35. Ke3 Ra2 36. Rd1 Re7+ 37. Kxd3 Rxa4 38. Kc3 Ra3+ 39. Kc4 Rae3 40. Rdd4 R3e5 41. Kc3 Rc7 42. Rd6 Ke7 43. Rd2 c5 44. b5 Rd7 45. Rg2 Kf7 46. Ra2 b6 47. Raa4 Re3+ 48. Kc2 Re2+ 49. Kc3 Rde7 50. Kd3 R2e3+ 51. Kc2 Rd7 52. Kb2 Ke8 53. Kc2 Kd8 54. Rae4 Rxe4 55. Rxe4 Kc7 56. Kc3 Kb7 57. Re3 a6 58. Kc4 Rd4+ 59. Kb3 axb5 60. Re7+ Ka6 61. Rxg7 Rxh4 62. Rg6 Rf4 63. Rxf6 Rxf3+ 64. Kb2 b4 65. Rf8 h4 66. f6 Kb5 67. f7 h3 68. Rh8 Rxf7 69. Rxh3 Rf2+ 70. Kb1 Ka4 71. Rh8 c4 72. Rh3 c3 73. Rh1 Kb3 74. Rc1 Rb2+ 75. Ka1 Ra2+ 76. Kb1 c2+ 77. Rxc2 Rxc2 78. Ka1 Rg2 0-1


[Site "https://www.chess.com"]

[Event "Titled Tuesday Blitz January 31 Early 2023"]
[White "Delorme, Axel"]
[Black "Osiecki, Stanislaw"]
[WhiteFideId "632023"]
[BlackFideId "1102990"]
[WhiteElo "2483"]
[BlackElo "2055"]
[Result "0-1"]
[Round "04"]
[TimeControl "180+2"]
[Date "2023.01.31"]
[WhiteClock "0:00:03"]
[BlackClock "0:00:38"]

1. e4 e6 2. d4 d5 3. Nc3 Bb4 4. e5 c5 5. a3 Bxc3+ 6. bxc3 Qc7 7. Qg4 f5 8. Qg3 cxd4 9. cxd4 Ne7 10. Bd2 O-O 11. Bd3 b6 12. Ne2 Ba6 13. Nf4 Qd7 14. O-O Bxd3 15. Qxd3 Nbc6 16. Bb4 Nxb4 17. axb4 a5 18. bxa5 bxa5 19. Ra2 a4 20. Rfa1 Rfc8 21. Qg3 Rc4 22. c3 Qc6 23. Ne2 Rb8 24. h4 Rb3 25. h5 h6 26. Qh4 Kf7 27. Qg3 Qb5 28. Kh2 Rb1 29. Nf4 Rxa1 30. Rxa1 Qb2 31. Re1 Qxc3 32. Re3 Qxd4 33. Rf3 a3 34. Ng6 a2 35. Nxe7 Qh4+ 36. Qxh4 Rxh4+ 37. Kg3 Rg4+ 0-1


[Site "https://www.chess.com"]

[Event "Titled Tuesday Blitz January 31 Early 2023"]
[White "Gottstein, Claudius-Thomas"]
[Black "Bas Mas, Jose Joaquin"]
[WhiteFideId "4653327"]
[BlackFideId "22219064"]
[WhiteElo "2113"]
[BlackElo "2197"]
[Result "1-0"]
[Round "04"]
[TimeControl "180+2"]
[Date "2023.01.31"]
[WhiteClock "0:00:44"]
[BlackClock "0:00:52"]

1. Nf3 Nf6 2. e3 e6 3. c4 d5 4. Nc3 Nbd7 5. b3 a6 6. Bb2 Bd6 7. Be2 O-O 8. O-O b6 9. cxd5 exd5 10. d4 Bb7 11. Rc1 c5 12. dxc5 bxc5 13. Na4 Rc8 14. Ba3 Re8 15. Rc2 Ne4 16. Nd2 Qh4 17. g3 Qh6 18. Nxe4 Rxe4 19. Bf3 Re5 20. Rd2 Nf6 21. Nc3 Bb8 22. Nxd5 Bxd5 23. Bxd5 Rh5 24. Bf3 Re5 25. Rd8+ Re8 26. Rxc8 Rxc8 27. Qd3 Qg5 28. Qxa6 Re8 29. Qb5 h5 30. Bb2 h4 31. Bxf6 Rxe3 32. Bxg5 1-0


[Site "https://www.chess.com"]

[Event "Titled Tuesday Blitz January 31 Early 2023"]
[White "kiwibobo"]
[Black "matenitian"]
[WhiteElo "2040"]
[BlackElo "2434"]
[Result "0-1"]
[Round "04"]
[TimeControl "180+2"]
[Date "2023.01.31"]
[WhiteClock "0:00:08"]
[BlackClock "0:00:19"]

1. e4 e5 2. Nf3 Nc6 3. Bb5 a6 4. Ba4 Nge7 5. c3 g6 6. d4 exd4 7. cxd4 Bg7 8. O-O O-O 9. Nc3 d5 10. e5 Bg4 11. Be3 f6 12. Bb3 fxe5 13. dxe5 Nxe5 14. Nxd5 Kh8 15. Nf4 Qxd1 16. Rfxd1 Nxf3+ 17. gxf3 Bxf3 18. Rd7 Bf6 19. Ne6 Rfc8 20. Nxc7 Nf5 21. Nxa8 Rxa8 22. Bf4 Bxb2 23. Re1 Rc8 24. Rc7 Rxc7 25. Bxc7 Kg7 26. Be5+ Bxe5 27. Rxe5 Kf6 28. Rc5 h5 29. Rc7 h4 30. Kf1 h3 31. Rf7+ Ke5 32. Rh7 Bg2+ 33. Ke2 Nd4+ 34. Kd3 Nf3 35. Rh6 Nxh2 36. Rxg6 Be4+ 37. Ke3 Bxg6 38. f4+ Kf6 39. Kf2 Ng4+ 40. Kg3 h2 41. Bd5 Bf5 42. Bf3 b5 43. Bb7 a5 44. Bc6 b4 45. Bf3 Ke6 46. Kg2 Kd6 47. Bxg4 Bxg4 48. Kxh2 Kc5 49. Kg3 Bf5 50. Kf2 Bb1 51. a4 bxa3 52. Ke3 a2 53. Kd2 a1=Q 0-1


[Site "https://www.chess.com"]

[Event "Titled Tuesday Blitz January 31 Early 2023"]
[White "Rodriguez, Santiago"]
[Black "Noshin, Anjum"]
[WhiteFideId "3000591"]
[BlackFideId "10218564"]
[WhiteElo "2252"]
[BlackElo "1946"]
[Result "1-0"]
[Round "04"]
[TimeControl "180+2"]
[Date "2023.01.31"]
[WhiteClock "0:01:23"]
[BlackClock "0:00:02"]

1. d4 d5 2. e4 dxe4 3. Nc3 e5 4. dxe5 Qxd1+ 5. Kxd1 Nd7 6. Bf4 Ne7 7. Nxe4 Ng6 8. Bg3 Ndxe5 9. h4 h5 10. Nf3 Bg4 11. Be2 O-O-O+ 12. Ke1 Bxf3 13. gxf3 f5 14. Bxe5 fxe4 15. Bg3 exf3 16. Bxf3 Bd6 17. Rd1 Rhe8+ 18. Kf1 Bxg3 19. fxg3 Rxd1+ 20. Bxd1 Re5 21. Kf2 Ne7 22. Re1 Rxe1 23. Kxe1 g6 24. Kf2 Nf5 25. Be2 Kd7 26. Bd3 Ne7 27. Kf3 Kd6 28. Kf4 c5 29. Kg5 a6 30. Bxg6 Nxg6 31. Kxg6 1-0


[Site "https://www.chess.com"]